cohdb
Replays
Latest Replays
All Replays
Popular Replays
Top Player Replays
Match Explorer
How It Works
Community
CoH3 Stats
Reddit
Sign in to upload your games and track your stats! →
Sign in with Steam
Match 39628691
Unlisted
Match 39628691
Overview
Messages
Build Orders
End
Vickers Machine Gun Team
Construct Section Command Post
Selects Heavy Armor Battlegroup
Infantry Section
Infantry Section
Construct Field Infirmary
Grenade Package
Construct Platoon Command Post
Humber Armored Car
Light Vehicle Training
Selects Rigorous Vehicle Training
Unlock Bishop Self-propelled Artillery
Bishop Self-propelled Artillery
Infantry Training
Selects Forward Repair Assembly
Bishop Self-propelled Artillery
Bishop Self-propelled Artillery
Rodavlas
Dimitri Petrenko
AdmiralKeso
Bighazelnut
0
0
Comments
sign in to comment!
No comments posted yet!